Map: Newkirk Precinct TE (Void)

Players

Fropez - Winner!

  • Race: Protoss Protoss
  • League: Gold
  • Spawn Location: 5:00

DarkStar

  • Race: Zerg Zerg
  • League: Gold
  • Spawn Location: 7:00

VOD

Have the link to the VOD?

Description

Time

  • Played on: Dec. 11, 2016, 1:43 p.m.
  • Length: 20:09
Show
View Real Time Build Order
Export as new Build Order

Fropez Protoss - Winner!

Build Orders: 1 Gate Expand, Zealot Archon 

Get SALT Encoding   

  12  0:01  Probe (Chrono Boost)  
  13  0:11  Probe (Chrono Boost)  
  14  0:23  Pylon  
  14  0:24  Probe (Chrono Boost)  
  15  0:41  Probe (Chrono Boost)  
  16  0:42  Gateway  
  16  0:46  Assimilator  
  16  0:52  Probe (Chrono Boost)  
  17  1:03  Probe (Chrono Boost), Gateway  
  18  1:14  Probe (Chrono Boost)  
  19  1:24  Probe (Chrono Boost)  
  20  1:33  Nexus  
  20  1:44  Pylon  
  20  1:51  Cybernetics Core  
  20  1:53  Probe (Chrono Boost)  
  21  2:04  Probe (Chrono Boost)  
  22  2:08  Gateway  
  22  2:14  Assimilator  
  22  2:16  Probe (Chrono Boost)  
  23  2:29  Mothership Core (Chrono Boost)  
  25  2:37  Adept  
  25  2:38  Warp Gate (Chrono Boost)  
  27  2:46  Probe (Chrono Boost)  
  27  2:47  Probe (Chrono Boost)  
  29  2:57  Probe (Chrono Boost)  
  29  2:58  Probe (Chrono Boost)  
  31  3:05  Adept  
  31  3:07  Adept  
  31  3:09  Probe (Chrono Boost)  
  31  3:12  Probe  
  37  3:21  Probe  
  38  3:30  Gateway  
  38  3:32  Gateway  
  37  3:34  Pylon  
  37  3:37  Probe  
  37  3:38  Probe  
  39  3:44  Adept x2  
  43  3:49  Probe  
  43  3:50  Probe  
  45  3:59  Probe, Robotics Facility  
  46  4:04  Assimilator  
  46  4:15  Probe  
  47  4:30  Pylon, Probe  
  47  4:31  Probe  
  47  4:33  Pylon  
  47  4:36  Adept x2  
  53  4:52  Adept x2  
  57  4:59  Probe, Immortal  
  61  5:00  Probe  
  61  5:09  Probe  
  58  5:18  Adept x4  
  58  5:19  Probe  
  58  5:20  Probe  
  65  5:23  Assimilator  
  65  5:27  Pylon  
  66  5:30  Probe  
  66  5:31  Probe  
  66  5:32  Twilight Council  
  68  5:38  Forge  
  68  5:41  Pylon, Probe  
  67  5:55  Probe  
  67  5:56  Adept x4  
  72  5:57  Probe  
  72  6:01  Resonating Glaives (Chrono Boost)  
  71  6:07  Probe  
  71  6:09  Probe  
  71  6:19  Probe  
  71  6:21  Probe  
  71  6:23  Nexus  
  71  6:25  Pylon  
  69  6:41  Stalker x2  
  69  6:42  Stalker x2  
  69  6:43  Protoss Ground Weapons Level 1 (Chrono Boost)  
  77  6:56  Pylon  
  77  7:04  Probe x2  
  77  7:07  Templar Archives  
  79  7:12  Photon Cannon  
  79  7:19  Stalker x4  
  85  7:33  Probe x2  
  87  7:37  Immortal  
  91  7:45  Probe x2  
  91  7:46  High Templar x2  
  91  7:50  Stalker  
  99  7:52  Archon  
  97  8:08  Blink  
  83  8:21  Stalker x3  
  83  8:22  Stalker  
  89  8:40  Probe  
  85  8:42  Probe x2  
  85  8:46  Assimilator  
  88  8:51  Assimilator  
  88  8:52  Probe  
  88  8:53  Pylon  
  88  8:54  Probe, Mothership Core  
  92  8:56  Photon Cannon  
  92  8:59  Photon Cannon  
  92  9:02  Pylon  
  92  9:08  High Templar x2  
  96  9:10  Zealot  
  96  9:11  Nexus, Zealot  
  96  9:14  Assimilator  
  100  9:19  Assimilator, Protoss Ground Weapons Level 2 (Chrono Boost)  
  100  9:25  Pylon  
  100  9:28  Pylon  
  100  9:29  Probe x2  
  100  9:30  Photon Cannon  
  102  9:32  Photon Cannon  
  102  9:39  Archon  
  102  9:42  Immortal  
  106  9:48  Dark Shrine  
  106  9:53  Pylon  
  106  9:55  Probe  
  106  9:56  Gateway x2  
  106  9:57  Probe x2  
  109  10:01  Stalker x4  
  109  10:02  Gateway  
  109  10:04  Gateway  
  109  10:06  Probe  
  117  10:07  Gateway  
  117  10:09  Probe x2  
  117  10:12  Pylon  
  107  10:29  Stalker x4  
  113  10:36  Immortal  
  113  10:39  Probe x2  
  119  10:54  Gateway  
  119  10:56  Gateway  
  119  10:58  Gateway  
  119  11:01  Gateway  
  119  11:07  Pylon  
  119  11:09  Pylon  
  119  11:13  Probe x2  
  119  11:15  Gateway  
  119  11:16  Gateway  
  119  11:18  Warp Prism, Photon Cannon  
  121  11:20  Pylon  
  121  11:22  Dark Templar  
  121  11:23  Dark Templar x3  
  131  11:32  High Templar  
  131  11:33  High Templar x4, Protoss Ground Weapons Level 3 (Chrono Boost)  
  131  11:37  Archon x2  
  119  12:33  Adept x6  
  119  12:34  Adept x3  
  137  12:40  Probe x2  
  131  12:57  Dark Templar  
  131  12:58  Dark Templar x5  
  139  12:59  Dark Templar x3  
  133  13:24  Probe x2  
  133  13:25  Probe x2  
  135  13:41  Nexus  
  135  13:43  Assimilator  
  135  13:47  Stargate  
  135  13:49  Stargate  
  135  13:50  Protoss Shields Level 1 (Chrono Boost), Assimilator  
  135  13:52  Stargate  
  135  13:54  Pylon  
  135  13:55  Pylon  
  135  13:56  Pylon  
  135  13:58  Pylon  
  135  14:02  Pylon  
  135  14:03  High Templar  
  135  14:04  High Templar x5, Pylon x2  
  135  14:05  High Templar x3  
  135  14:07  Pylon  
  135  14:08  Archon x4  
  135  14:09  Pylon  
  153  14:15  Probe x2, Photon Cannon x2  
  154  14:17  Probe x2  
  154  14:18  Charge, Photon Cannon  
  154  14:22  Photon Cannon  
  157  14:38  Fleet Beacon  
  157  14:48  Adept  
  157  14:49  Adept x2, Nexus  
  157  14:50  Adept x2  
  157  14:51  Adept x4  
  157  14:52  Adept x4  
  181  14:53  Adept  
  157  15:29  Pylon, Zealot  
  157  15:30  Zealot x6  
  157  15:31  Zealot x5  
  157  15:32  Pylon, Zealot x3  
  157  15:34  Carrier  
  193  15:41  Probe x2  
  195  15:55  Assimilator  
  195  16:01  Assimilator  
  195  16:02  High Templar x2  
  199  16:04  Pylon  
  199  16:08  Pylon  
  199  16:17  Carrier x2  
  187  16:18  Protoss Shields Level 2 (Chrono Boost)  
  181  16:40  Protoss Air Weapons Level 1 (Chrono Boost)  
  181  16:41  Archon  
  181  16:50  Carrier  
  187  17:07  Observer  
  187  17:13  Graviton Catapult (Chrono Boost)  
  188  17:18  Zealot x3  
  188  17:19  Zealot x3  
  200  17:32  Carrier x2  
  200  17:33  Dark Templar  
  178  18:43  Zealot x2  
  178  18:44  Zealot x3  
  178  18:45  Zealot x3  
  178  18:46  Zealot x3  
  196  18:57  Gateway  
  196  18:59  Gateway  
  196  19:01  Gateway  
  188  19:04  Gateway x2  
  188  19:08  Gateway  
  188  19:10  Gateway  
  188  19:12  Gateway  
  188  19:15  Pylon x2  
  188  19:18  Pylon, Zealot  
  188  19:19  Zealot x4  
  188  19:20  Pylon, Zealot  
  188  19:22  Photon Cannon  
  200  19:24  Photon Cannon  
  200  19:26  Photon Cannon  
  200  19:29  Photon Cannon  
  190  19:32  Photon Cannon  
  190  19:37  Gateway, Zealot  
  190  19:38  Zealot x5  
  200  19:40  Gateway  
  200  19:42  Gateway  
  200  19:44  Gateway  
  197  19:49  Pylon  
  190  19:59  Stalker x3  
  189  20:00  Stalker x3  
  189  20:05  Stalker x2  
  189  20:06  Stalker x2  
Show
View Real Time Build Order
Export as new Build Order

DarkStar Zerg 

Build Orders: Hatch First 

Get SALT Encoding   

  12  0:08  Overlord  
  12  0:13  Drone  
  13  0:18  Drone  
  14  0:26  Drone  
  15  0:35  Drone  
  16  0:42  Drone  
  17  0:57  Hatchery  
  17  1:00  Drone  
  17  1:15  Spawning Pool  
  17  1:16  Drone  
  17  1:19  Extractor, Drone  
  17  1:24  Drone  
  18  1:35  Drone  
  19  1:46  Drone  
  20  1:57  Drone  
  21  2:06  Overlord  
  21  2:08  Queen  
  21  2:11  Drone  
  21  2:15  Queen  
  26  2:18  Drone  
  26  2:22  Drone  
  28  2:33  Zergling x4  
  30  2:39  Drone  
  30  2:41  Overlord  
  31  2:52  Queen  
  33  3:10  Drone x2  
  33  3:11  Overlord, Drone  
  36  3:21  Extractor, Metabolic Boost  
  36  3:23  Drone x2, Hatchery  
  36  3:24  Drone x2  
  36  3:26  Drone  
  38  3:41  Drone x4  
  39  3:42  Drone x2  
  39  3:48  Pneumatized Carapace  
  44  3:52  Lair  
  44  3:55  Overlord  
  44  4:05  Spore Crawler x2  
  44  4:06  Drone  
  44  4:07  Drone x2  
  45  4:20  Spore Crawler  
  45  4:22  Drone  
  45  4:23  Extractor, Drone x5  
  49  4:25  Drone  
  49  4:27  Overlord  
  49  4:29  Drone  
  51  4:39  Zergling x2  
  51  4:40  Zergling x4  
  54  4:47  Zergling x2  
  54  4:48  Zergling x4  
  54  4:50  Spine Crawler  
  56  4:53  Spine Crawler  
  56  4:58  Spine Crawler  
  49  5:18  Drone  
  49  5:19  Drone  
  48  5:21  Zergling x2  
  48  5:22  Zergling x18  
  57  5:29  Hydralisk Den  
  57  5:30  Roach Warren  
  54  5:44  Queen  
  54  5:45  Queen  
  54  5:47  Spore Crawler  
  53  6:01  Hydralisk x4  
  61  6:09  Muscular Augments  
  59  6:15  Evolution Chamber  
  59  6:17  Evolution Chamber  
  54  6:20  Roach x8  
  54  6:21  Zergling x2  
  54  6:22  Zergling x2  
  66  6:55  Drone x8  
  66  6:57  Overlord  
  66  7:01  Glial Reconstitution  
  74  7:08  Extractor  
  74  7:10  Zerg Melee Weapons Level 1, Zerg Missile Weapons Level 1  
  73  7:15  Evolution Chamber  
  73  7:16  Overlord x3  
  73  7:17  Drone  
  73  7:18  Drone x5  
  76  7:35  Roach x3  
  76  7:36  Roach x4  
  90  7:38  Ravager x4  
  90  7:39  Ravager x2  
  90  7:40  Zergling x2  
  90  7:41  Zergling x2  
  90  7:42  Zergling x2  
  99  7:46  Drone x2  
  99  7:47  Overlord  
  99  7:50  Overlord  
  96  8:16  Zergling x2  
  96  8:17  Zergling x22  
  95  8:41  Roach x6  
  94  8:44  Hatchery  
  101  8:51  Drone x3  
  101  8:52  Drone x2  
  106  9:02  Zerg Ground Armor Level 1  
  106  9:18  Extractor  
  106  9:20  Extractor, Roach  
  106  9:21  Hydralisk, Roach x3  
  114  9:26  Overlord x3  
  114  9:27  Overlord  
  114  9:33  Infestation Pit  
  114  9:37  Spine Crawler  
  112  9:38  Spore Crawler  
  112  9:41  Ravager  
  112  9:42  Ravager x2  
  112  9:44  Overlord x4  
  114  9:46  Drone  
  114  9:47  Drone x6  
  114  9:48  Drone x2  
  123  10:03  Spire, Zerg Missile Weapons Level 2  
  123  10:04  Zerg Melee Weapons Level 2  
  74  10:38  Infestor x3  
  80  10:44  Roach x5  
  80  10:45  Zergling x2, Roach  
  80  10:46  Zergling x10  
  98  11:00  Spore Crawler  
  97  11:09  Overlord  
  97  11:10  Overlord x2  
  97  11:11  Drone x7  
  98  11:17  Hive  
  98  11:18  Zerg Flyer Armor Level 1  
  104  11:19  Zergling x2  
  104  11:20  Zergling x2  
  104  11:24  Burrow  
  106  11:35  Zerg Ground Armor Level 2  
  106  11:39  Hatchery  
  105  11:45  Zergling x20  
  114  11:51  Ravager x4  
  114  11:53  Ravager  
  90  12:21  Hydralisk x5  
  90  12:22  Hydralisk x4  
  59  12:39  Zerg Melee Weapons Level 3  
  59  12:42  Zergling x8  
  55  13:00  Roach x3  
  57  13:22  Ravager  
  58  13:29  Ravager x2  
  58  13:32  Zerg Missile Weapons Level 3  
  60  13:34  Zergling x2  
  60  13:35  Zergling x16  
  69  13:44  Zergling x4  
  69  13:45  Zergling x4  
  69  13:48  Adrenal Glands  
  73  13:56  Hatchery  
  72  14:06  Spore Crawler  
  72  14:07  Extractor, Spine Crawler  
  69  14:11  Spine Crawler  
  69  14:12  Spore Crawler  
  69  14:16  Roach x4  
  69  14:17  Roach x2  
  79  14:26  Zerg Ground Armor Level 3  
  79  14:39  Extractor  
  78  14:48  Drone x2  
  78  14:49  Hatchery  
  78  14:51  Drone  
  68  15:26  Drone x5  
  68  15:27  Drone  
  70  15:39  Spine Crawler  
  69  15:47  Drone x2  
  71  15:53  Ravager x2  
  73  16:03  Drone x2  
  75  16:08  Drone  
  75  16:09  Drone  
  65  16:28  Roach  
  65  16:29  Roach x3  
  73  16:38  Ultralisk Cavern  
  73  16:39  Drone  
  73  16:45  Drone x2  
  75  16:55  Ravager  
  75  16:56  Ravager x4  
  75  16:58  Drone x3  
  83  17:04  Drone x2  
  83  17:07  Drone  
  87  17:08  Drone  
  87  17:13  Drone x2  
  89  17:17  Drone  
  89  17:18  Drone  
  91  17:46  Mutalisk  
  91  17:47  Mutalisk x3  
  99  18:04  Ultralisk  
  103  18:10  Spore Crawler  
  103  18:11  Spine Crawler  
  98  18:20  Drone x6  
  98  18:21  Drone  
  80  18:56  Drone  
  80  18:57  Drone x8  
  82  19:20  Mutalisk x3  
Tags
 
Add a new tag
Caveats
  • Supply blocks, unpowered buildings, or Contaminate may cause inaccurate times.
  • Supply counts are checked every 10 seconds.